 Dungeon Crawl Stone Soup version 0.20.1-1-g8b1a95d66d (webtiles) character file.

875 NullDivider the Sneak (level 8, -1/52 HPs)
             Began as an Octopode Artificer on Dec 1, 2017.
             Slain by a two-headed ogre
             ... wielding a +0 giant club
              (21 damage)
             ... on level 5 of the Dungeon.
             The game lasted 00:20:57 (5696 turns).

NullDivider the Sneak (Octopode Artificer)          Turns: 5696, Time: 00:20:58

Health: -1/52      AC:  3    Str: 11    XL:     8   Next: 4%
Magic:  11/11      EV: 16    Int: 13    God:
Gold:   257        SH:  0    Dex: 15    Spells: 7/7 levels left

rFire    . . .     SeeInvis .   v - +2 dagger (venom)
rCold    . . .     Gourm    .   (no shield)
rNeg     . . .     Faith    .   n - +2 hat
rPois    .         Spirit   .   (no amulet)
rElec    .         Reflect  .   l - ring of wizardry
rCorr    .         Harm     .   q - +1 ring of evasion
MR       .....                  (no ring)
Stlth    +++++.....             (no ring)
Regen    0.2/turn               (no ring)
MPRegen  0.2/turn               (no ring)
                                (no ring)
                                (no ring)

@: no status effects
A: almost no armour, stealthy swim, amphibious, 8 rings, constrict 8, camouflage
1, gelatinous body 1
a: no special abilities


You were on level 5 of the Dungeon.
You were not hungry.

You visited 1 branch of the dungeon, and saw 5 of its levels.

You collected 257 gold pieces.

Inventory:

Hand Weapons
 v - a +2 dagger of venom (weapon)
Armour
 n - a +2 hat (worn)
Jewellery
 e - an uncursed amulet of harm
 l - a ring of wizardry (left tentacle)
 q - a +1 ring of evasion (right tentacle)
Wands
 b - a wand of flame (3/48)
 c - a wand of enslavement (13/24)
 d - a wand of random effects (15/48)
 m - a wand of flame (30/48)
 y - a wand of random effects (26/48)
Scrolls
 h - 4 scrolls of identify
 o - a scroll of immolation {unknown}
 s - a scroll of teleportation {unknown}
 t - 2 scrolls of recharging {unknown}
Potions
 a - a potion of heal wounds
 g - 2 potions of resistance {unknown}
 i - a potion of invisibility {unknown}
 j - 2 potions of cancellation {unknown}
 p - 2 potions of agility {unknown}
 r - a potion of might {unknown}
 u - 2 potions of curing {unknown}
 w - a potion of haste {unknown}
 A - a potion of degeneration {unknown}
Books
 x - a book of Misfortune

   Spells                             Type                      Level
   a - Confusing Touch                Hexes                        1
   b - Confuse                        Hexes                        3
   c - Gell's Gravitas                Translocation                3
   d - Petrify                        Transmutation/Earth          4
   e - Metabolic Englaciation         Hexes/Ice                    5
   f - Yara's Violent Unravelling     Hexes/Transmutation          5
 z - a book of Maledictions

   Spells                             Type                      Level
   a - Corona                         Hexes                        1
   b - Ensorcelled Hibernation        Hexes/Ice                    2
   c - Confuse                        Hexes                        3
   d - Tukima's Dance                 Hexes                        3
   e - Dazzling Spray                 Conjuration/Hexes            3
Comestibles
 f - 6 bread rations
 k - a royal jelly


   Skills:
 + Level 3.4 Fighting
 + Level 3.6 Short Blades
 + Level 4.1 Dodging
 * Level 7.2 Stealth
 + Level 5.2 Evocations


You had 7 spell levels left.
You didn't know any spells.

Dungeon Overview and Level Annotations

Branches:
Dungeon (5/15)
 Temple: D:4-7

Altars:
Dithmenos
Gozag
Hepliaklqana
Sif Muna
Trog
Vehumet
The Shining One

Annotations:
D:4 exclusion: statue


Innate Abilities, Weirdness & Mutations

You cannot wear most types of armour.
You are very stealthy in the water. (Stealth+)
You are amphibious.
You can wear up to eight rings at the same time.
You can use your tentacles to constrict eight enemies at once.
Your skin changes colour to match your surroundings (Stealth+).
Your rubbery body absorbs attacks. (AC +1, EV +1)


Message History

You see here 16 gold pieces.
The giant cockroach misses you.
You hit the giant cockroach.
The giant cockroach is poisoned.
You grab the giant cockroach. You squeeze the giant cockroach.
You kill the giant cockroach!
You now have 257 gold pieces (gained 16).
A two-headed ogre comes into view.
It is wielding a giant club and a giant spiked club.
Found a fuming cyan potion.
The helpless two-headed ogre fails to defend itself.
You impale the two-headed ogre!!
The two-headed ogre is poisoned.
The two-headed ogre is severely wounded.
The two-headed ogre hits you with a giant club!
The two-headed ogre hits you with a giant spiked club!!
A worker ant comes into view.
The worker ant moves out of view.
You hit the two-headed ogre but do no damage.
The two-headed ogre looks even sicker.
You squeeze the two-headed ogre!
The two-headed ogre is almost dead.
The two-headed ogre hits you with a giant club!!
You die...

#. #..# #..# .## #> ##..#
#..##...# #
#.##...###........
###.#....#..#..#.....#
.......###..[###.#.##
......#..#..#..# #
..###.#....###...##.#
.........O.####.###.#####
..#####.@..#..........(..
#..#.....#..#######
#.###...###.#
#..#.....#..######
##...#...........#
..........######.#
#####.#.#########.##
#.#.###..(......
#............>##


You could see a two-headed ogre.

Vanquished Creatures
  A phantom (D:5)
  3 ogres
  2 scorpions (D:4)
  A crimson imp (D:4)
  A centaur skeleton (D:5)
  A hound (D:4)
  Ijyb (D:5)
  An orc wizard (D:4)
  3 worker ants (D:4)
  A hound skeleton (D:5)
  Robin (D:3)
  4 gnolls (D:3)
  8 adders
  An adder skeleton (D:4)
  A worm (D:3)
  A dart slug (D:1)
  A leopard gecko (D:3)
  3 orcs
  8 bats
  6 giant cockroaches
  17 goblins
  9 hobgoblins
  A quokka (D:4)
  3 frilled lizards
  11 kobolds
  A leopard gecko skeleton (D:4)
  5 rats
96 creatures vanquished.

Vanquished Creatures (collateral kills)
  A goblin (D:2)
1 creature vanquished.

Grand Total: 97 creatures vanquished

Notes
Turn   | Place    | Note
-------+----------+-------------------------------------------
     0 | D:1      | NullDivider the Octopode Artificer began the quest for the Orb.
     0 | D:1      | Reached XP level 1. HP: 13/13 MP: 3/3
    90 | D:1      | Reached skill level 2 in Stealth
    90 | D:1      | Reached XP level 2. HP: 16/18 MP: 4/4
   130 | D:1      | Found a glowing golden altar of the Shining One.
   428 | D:1      | Reached XP level 3. HP: 23/23 MP: 5/5
   876 | D:2      | Reached skill level 3 in Stealth
  1061 | D:2      | Reached XP level 4. HP: 12/28 MP: 6/6
  2545 | D:3      | Reached XP level 5. HP: 24/34 MP: 7/7
  2826 | D:3      | Reached skill level 4 in Stealth
  2910 | D:3      | Noticed Robin
  3297 | D:3      | Killed Robin
  3751 | D:4      | Reached XP level 6. HP: 39/39 MP: 9/9
  3778 | D:4      | Reached skill level 5 in Stealth
  4791 | D:4      | Reached XP level 7. HP: 45/45 MP: 10/10
  4880 | D:4      | Reached skill level 6 in Stealth
  4890 | D:4      | Found a radiant altar of Vehumet.
  5269 | D:5      | Entered Level 5 of the Dungeon
  5269 | D:5      | Found an opulent altar of Gozag.
  5269 | D:5      | Found a shadowy altar of Dithmenos.
  5269 | D:5      | Found a hazy altar of Hepliaklqana.
  5269 | D:5      | Found a bloodstained altar of Trog.
  5269 | D:5      | Noticed Ijyb
  5270 | D:5      | Found a deep blue altar of Sif Muna.
  5278 | D:5      | Killed Ijyb
  5300 | D:5      | Reached skill level 5 in Evocations
  5429 | D:5      | Reached skill level 7 in Stealth
  5549 | D:5      | Reached XP level 8. HP: 52/52 MP: 11/11
  5683 | D:5      | Noticed a two-headed ogre
  5696 | D:5      | Slain by a two-headed ogre

Skill      XL: |  1  2  3  4  5  6  7 |
---------------+----------------------+-----
Stealth        | 2 3 4 5 7 |  7.2
Short Blades   | 2 3 |  3.6
Evocations     | 4 5 |  5.2
Fighting       | 2 3 |  3.4
Dodging        | 3 4 |  4.1

Action                   |  1- 3 |  4- 6 |  7- 9 || total
-------------------------+-------+-------+-------++-------
Melee: Dagger            |    67 |   126 |    39 ||   232
       Constrict         |    16 |    33 |     6 ||    55
       Tentacles         |    14 |    21 |     6 ||    41
Evoke: Wand              |     4 |     7 |     3 ||    14
  Use: Scroll            |     3 |     1 |       ||     4
       Potion            |       |     1 |       ||     1
 Stab: Sleeping          |    11 |    12 |     7 ||    30
       Distracted        |       |     2 |       ||     2
  Eat: Chunk             |       |    12 |     3 ||    15
Armor: Skin              |     5 |    15 |       ||    20
Dodge: Dodged            |    42 |    74 |    18 ||   134
